Workbook

Sheet Accounting_Statement
B1: Accounting statements 2025-26
B3: By completing this box, the figures will pull through to the relevant tabs of the workbook to assist you in reporting on the significant variances
C5: Year ending | I5: Notes and guidance | J5: Explanation required
C6: 45747 | D6: 46112 | E6: Variance £ | F6: Variance % | I6: Please round all figures to nearest £1. Do not leave any boxes blank and report £0 or Nil balances. All figures must agree to underlying financial records.
B7: 1. Balances brought forward | C7: 11570 | D7: 11029.17 | I7: Total balances and reserves at the beginning of the year as recorded in the financial records. Value must agree to Box 7 of previous year
B8: 2. (+) Precept or Rates and Levies | C8: 12506 | D8: 15000 | E8: =D8-C8 -> 2494 | F8: =IF(AND(C8=0,D8=0),0,IF(C8=0,1,IF(D8=0,-1,(D8-C8)/C8))) -> 0.19942428 | G8: =IF(E8>100000,"Yes",IF(E8<-100000,"Yes","No")) -> No | H8: =IF(F8>0.15,"Yes",IF(F8<-0.15,"Yes","No")) -> Yes | I8: Total amount of precept (or for IDBs rates and levies) received or receivable in the year. Exclude any grants received. | J8: =IF(ISBLANK(C8),"Enter figures",IF(G8="Yes","Please explain within the relevant tab",IF(H8="Yes","Please explain within the relevant tab","No explanation required"))) -> Please explain within the relevant tab
B9: 3. (+) Total other receipts | C9: 309 | D9: 549 | E9: =D9-C9 -> 240 | F9: =IF(AND(C9=0,D9=0),0,IF(C9=0,1,IF(D9=0,-1,(D9-C9)/C9))) -> 0.77669903 | G9: =IF(E9>100000,"Yes",IF(E9<-100000,"Yes","No")) -> No | H9: =IF(F9>0.15,"Yes",IF(F9<-0.15,"Yes","No")) -> Yes | I9: Total income or receipts as recorded in the cashbook less the precept or rates/levies received (line 2). Include any grants received. | J9: =IF(ISBLANK(C9),"Enter figures",IF(G9="Yes","Please explain within the relevant tab",IF(H9="Yes","Please explain within the relevant tab","No explanation required"))) -> Please explain within the relevant tab
B10: 4. (-) Staff costs | C10: 7341 | D10: 8039.26 | E10: =D10-C10 -> 698.26 | F10: =IF(AND(C10=0,D10=0),0,IF(C10=0,1,IF(D10=0,-1,(D10-C10)/C10))) -> 0.095117831 | G10: =IF(E10>100000,"Yes",IF(E10<-100000,"Yes","No")) -> No | H10: =IF(F10>0.15,"Yes",IF(F10<-0.15,"Yes","No")) -> No | I10: Total expenditure or payments made to and on behalf of all employees. Include gross salaries and wages, employers NI contirbutions, employers pension contributions, gratuities and severance payments. | J10: =IF(ISBLANK(C10),"Enter figures",IF(G10="Yes","Please explain within the relevant tab",IF(H10="Yes","Please explain within the relevant tab","No explanation required"))) -> No explanation required
B11: 5. (-) Loan interest/capital repayments | C11: 0 | D11: 0 | E11: =D11-C11 -> 0 | F11: =IF(AND(C11=0,D11=0),0,IF(C11=0,1,IF(D11=0,-1,(D11-C11)/C11))) -> 0 | G11: =IF(E11>100000,"Yes",IF(E11<-100000,"Yes","No")) -> No | H11: =IF(F11>0.15,"Yes",IF(F11<-0.15,"Yes","No")) -> No | I11: Total expenditure of payments of capital and interest made during the year on the authority's borrowings (if any). | J11: =IF(ISBLANK(C11),"Enter figures",IF(G11="Yes","Please explain within the relevant tab",IF(H11="Yes","Please explain within the relevant tab","No explanation required"))) -> No explanation required
B12: 6. (-) All other payments | C12: 6015 | D12: 6575.8 | E12: =D12-C12 -> 560.8 | F12: =IF(AND(C12=0,D12=0),0,IF(C12=0,1,IF(D12=0,-1,(D12-C12)/C12))) -> 0.093233583 | G12: =IF(E12>100000,"Yes",IF(E12<-100000,"Yes","No")) -> No | H12: =IF(F12>0.15,"Yes",IF(F12<-0.15,"Yes","No")) -> No | I12: Total expenditure or payments as recorded in the cashbook less staff costs (line 4) and loan interest/capital repayments (line 5). | J12: =IF(ISBLANK(C12),"Enter figures",IF(G12="Yes","Please explain within the relevant tab",IF(H12="Yes","Please explain within the relevant tab","No explanation required"))) -> No explanation required
B13: 7. (=) Balances carried forward | C13: =C7+C8+C9-C10-C11-C12 -> 11029 | D13: 11962.58 | I13: Total balances and reserves at the end of the year. Must equal (1+2+3) - (4+5+6). | J13: Please explain in the Reserves tab
B14: Bal c/f checker | C14: =C7+C8+C9-C10-C11-C12 -> 11029 | D14: 11962.58
B15: 8. Total value of cash and short term investments | C15: 11029 | D15: 11962.58 | I15: The sum of all current and deposit bank accounts, cash holdings and short term investments held as at 31 March - to agree with bank reconciliation.
B16: 9. Total fixed assets plus long term investments and assets | C16: 121871 | D16: 121871 | E16: =D16-C16 -> 0 | F16: =IF(AND(C16=0,D16=0),0,IF(C16=0,1,IF(D16=0,-1,(D16-C16)/C16))) -> 0 | G16: =IF(E16>100000,"Yes",IF(E16<-100000,"Yes","No")) -> No | H16: =IF(F16>0.15,"Yes",IF(F16<-0.15,"Yes","No")) -> No | I16: The value of all the property the authority owns - it is made up of all its fixed assets and long term investments as at 31 March. | J16: =IF(ISBLANK(C16),"Enter figures",IF(G16="Yes","Please explain within the relevant tab",IF(H16="Yes","Please explain within the relevant tab","No explanation required"))) -> No explanation required
B17: 10. Total borrowings | C17: 0 | D17: 0 | E17: =D17-C17 -> 0 | F17: =IF(AND(C17=0,D17=0),0,IF(C17=0,1,IF(D17=0,-1,(D17-C17)/C17))) -> 0 | G17: =IF(E17>100000,"Yes",IF(E17<-100000,"Yes","No")) -> No | H17: =IF(F17>0.15,"Yes",IF(F17<-0.15,"Yes","No")) -> No | I17: The outstanding capital balances as at 31 March of all loans from third parties (including PWLB). | J17: =IF(ISBLANK(C17),"Enter figures",IF(G17="Yes","Please explain within the relevant tab",IF(H17="Yes","Please explain within the relevant tab","No explanation required"))) -> No explanation required

Sheet Box_2_Precept
B1: Precept or rates and levies
B4: 2025 | C4: =Accounting_Statement!C8 -> 12506 | D4: 2026 | E4: =Accounting_Statement!D8 -> 15000
D6: Difference | E6: =E4-C4 -> 2494
D7: % Change | E7: =IF(AND(C4=0,E4=0),0,IF(C4=0,1,IF(E4=0,-1,(E4-C4)/C4))) -> 0.19942428 | F7: =IF(E7<-0.15,"yes explain",IF(E7>0.15,"Yes explain","No explanation required")) -> Yes explain
B9: Use the table below to breakdown your explanation
B11: 2025 £ | C11: 2026 £ | D11: Difference | E11: Explanation (Ensure each explanation is quantified)
B12: 12506 | C12: 15000 | D12: =C12-B12 -> 2494 | E12: £2494 increase was based on a decision taken when setting the budget for 2024 2025 that the precept would be increased to £15,000 over two years as prior to this expenditure was exceeding budget
D13: =C13-B13 -> 0
D14: =C14-B14 -> 0
D15: =C15-B15 -> 0
D16: =C16-B16 -> 0
D17: =C17-B17 -> 0
D18: =C18-B18 -> 0
D19: =C19-B19 -> 0
D20: =C20-B20 -> 0
D21: =C21-B21 -> 0
D22: =C22-B22 -> 0
D23: =C23-B23 -> 0
D24: =C24-B24 -> 0
D25: =C25-B25 -> 0
A26: Total | B26: =SUM(B12:B25) -> 12506 | C26: =SUM(C12:C25) -> 15000 | D26: =SUM(D12:D25) -> 2494
A29: Enter more lines as appropriate

Sheet Box_3_Receipts
B1: Other receipts
B4: 2025 | C4: =Accounting_Statement!C9 -> 309 | D4: 2026 | E4: =Accounting_Statement!D9 -> 549
D6: Difference | E6: =E4-C4 -> 240
D7: % Change | E7: =IF(AND(C4=0,E4=0),0,IF(C4=0,1,IF(E4=0,-1,(E4-C4)/C4))) -> 0.77669903 | F7: =IF(E7<-0.15,"yes explain",IF(E7>0.15,"Yes explain","No explanation required")) -> Yes explain
B9: Use the table below to breakdown your explanation
B10: (consider any fixed assets that have been sold and ensure reflected in explanation in box 9 fixed assets)
B11: Please ensure you complete the value for both years, please do not provide the movement only.
D14: Difference | E14: Explanation (Ensure each explanation is quantified)
B15: 0 | C15: 300 | D15: =C15-B15 -> 300 | E15: Ward Cllrs Grant to contribute to Dunkerton Bus Shelter awarded this year. No grant of this nature received the previous year
B16: 51 | C16: 10 | D16: =C16-B16 -> -41 | E16: Previous year share of clerk's SLCC membership funded by other employer so money received from Camerton for this. Now clerk only employed by one council this not received this year
D17: =C17-B17 -> 0 | E17: Remaining variance less than than 15% so no further explanation required
D18: =C18-B18 -> 0
D19: =C19-B19 -> 0
D20: =C20-B20 -> 0
D21: =C21-B21 -> 0
D22: =C22-B22 -> 0
D23: =C23-B23 -> 0
D24: =C24-B24 -> 0
D25: =C25-B25 -> 0
D26: =C26-B26 -> 0
D27: =C27-B27 -> 0
D28: =C28-B28 -> 0
D29: =C29-B29 -> 0
A30: Total | B30: =SUM(B15:B29) -> 51 | C30: =SUM(C15:C29) -> 310 | D30: =SUM(D15:D29) -> 259
A33: Enter more lines as appropriate

Sheet Box_4_Staff_costs
B1: Staff costs
B4: 2025 | C4: =Accounting_Statement!C10 -> 7341 | D4: 2026 | E4: =Accounting_Statement!D10 -> 8039.26
D6: Difference | E6: =E4-C4 -> 698.26
D7: % Change | E7: =IF(AND(C4=0,E4=0),0,IF(C4=0,1,IF(E4=0,-1,(E4-C4)/C4))) -> 0.095117831 | F7: =IF(E7<-0.15,"yes explain",IF(E7>0.15,"Yes explain","No explanation required")) -> No explanation required
B9: Use the table below to breakdown your explanation
B10: Identify and quantify, changes in head count, pay awards, change in hours, please provide a value
D12: Difference | E12: Explanation (Ensure each explanation is quantified)
D13: =C13-B13 -> 0
D14: =C14-B14 -> 0
D15: =C15-B15 -> 0
D16: =C16-B16 -> 0
D17: =C17-B17 -> 0
D18: =C18-B18 -> 0
D19: =C19-B19 -> 0
D20: =C20-B20 -> 0
D21: =C21-B21 -> 0
D22: =C22-B22 -> 0
D23: =C23-B23 -> 0
D24: =C24-B24 -> 0
... D27: =C27-B27 -> 0
A28: Total | B28: =SUM(B13:B27) -> 0 | C28: =SUM(C13:C27) -> 0 | D28: =SUM(D13:D27) -> 0
A31: Enter more lines as appropriate

Sheet Box_5_Loan_repayments
B1: Loan interest & capital repayments
B4: 2025 | C4: =Accounting_Statement!C11 -> 0 | D4: 2026 | E4: =Accounting_Statement!D11 -> 0
D6: Difference | E6: =E4-C4 -> 0
D7: % Change | E7: =IF(AND(C4=0,E4=0),0,IF(C4=0,1,IF(E4=0,-1,(E4-C4)/C4))) -> 0 | F7: =IF(E7<-0.15,"yes explain",IF(E7>0.15,"Yes explain","No explanation required")) -> No explanation required
B9: Use the table below to breakdown your explanation
D11: Difference | E11: Explanation (Ensure each explanation is quantified)
D12: =C12-B12 -> 0
D13: =C13-B13 -> 0
D14: =C14-B14 -> 0
D15: =C15-B15 -> 0
D16: =C16-B16 -> 0
D17: =C17-B17 -> 0
D18: =C18-B18 -> 0
D19: =C19-B19 -> 0
D20: =C20-B20 -> 0
D21: =C21-B21 -> 0
D22: =C22-B22 -> 0
D23: =C23-B23 -> 0
... D26: =C26-B26 -> 0
A27: Total | B27: =SUM(B12:B26) -> 0 | C27: =SUM(C12:C26) -> 0 | D27: =SUM(D12:D26) -> 0
A30: Enter more lines as appropriate

Sheet Box_6_Payments
B1: All other payments
B4: 2025 | C4: =Accounting_Statement!C12 -> 6015 | D4: 2026 | E4: =Accounting_Statement!D12 -> 6575.8
D6: Difference | E6: =E4-C4 -> 560.8
D7: % Change | E7: =IF(AND(C4=0,E4=0),0,IF(C4=0,1,IF(E4=0,-1,(E4-C4)/C4))) -> 0.093233583 | F7: =IF(E7<-0.15,"yes explain",IF(E7>0.15,"Yes explain","No explanation required")) -> No explanation required
B9: Use the table below to breakdown your explanation
B10: (consider any fixed assets that have been purchased and reflect in explanation in box 9 fixed assets)
B11: Please ensure you complete the value for both years, please do not provide the movement only.
D13: Difference | E13: Explanation (Ensure each explanation is quantified) | G13: Is this purchase an asset and reflected in Box 9
D17: =C17-B17 -> 0
D18: =C18-B18 -> 0
D19: =C19-B19 -> 0
D20: =C20-B20 -> 0
D21: =C21-B21 -> 0
D22: =C22-B22 -> 0
D23: =C23-B23 -> 0
D24: =C24-B24 -> 0
D25: =C25-B25 -> 0
D26: =C26-B26 -> 0
D27: =C27-B27 -> 0
D28: =C28-B28 -> 0
A29: Total | B29: =SUM(B14:B28) -> 0 | C29: =SUM(C14:C28) -> 0 | D29: =SUM(D14:D28) -> 0
A32: Enter more lines as appropriate

Sheet Reserves
B1: Reserves
B4: Box 7 | C4: =Accounting_Statement!D13 -> 11962.58 | D4: Precept | E4: =Accounting_Statement!D8 -> 15000
E8: £ | F8: £ | G8: £
B9: Earmarked reserves:
C10: Reserve 1
C11: Reserve 2
C12: Reserve 3
C13: Reserve 4
C14: Reserve 5
C15: Reserve 6
C16: Reserve 7
F17: =SUM(E10:E16) -> 0
B19: General reserve | E19: 11963
F20: =E19 -> 11963
B21: Total reserves (must agree to Box 7) | G21: =F17+F20 -> 11963

Sheet Box_9_Fixed_assets
B1: Total fixed assets inc. long term investments
B4: 2025 | C4: =Accounting_Statement!C16 -> 121871 | D4: 2026 | E4: =Accounting_Statement!D16 -> 121871
D6: Difference | E6: =E4-C4 -> 0
D7: % Change | E7: =IF(AND(C4=0,E4=0),0,IF(C4=0,1,IF(E4=0,-1,(E4-C4)/C4))) -> 0 | F7: =IF(E7<-0.15,"yes explain",IF(E7>0.15,"Yes explain","No explanation required - unless there is a capital payment or receipt in excess of 15% of fixed assets")) -> No explanation required - unless there is a capital payment or receipt in excess of 15% of fixed assets
B9: Use the table below to breakdown your explanation
B10: (include any new additions or sold assets which should be reflected in other receipts or other payments)
B11: Fixed assets
D12: Difference | E12: Explanation (Ensure each explanation is quantified) | G12: Is this asset movement reflected in Box 3 or Box 6 | H12: If No please explain why
D13: =C13-B13 -> 0
D14: =C14-B14 -> 0
D15: =C15-B15 -> 0
D16: =C16-B16 -> 0
D17: =C17-B17 -> 0
D18: =C18-B18 -> 0
D19: =C19-B19 -> 0
D20: =C20-B20 -> 0
D21: =C21-B21 -> 0
D22: =C22-B22 -> 0
D23: =C23-B23 -> 0
D24: =C24-B24 -> 0
... D27: =C27-B27 -> 0
A28: Total | B28: =SUM(B13:B27) -> 0 | C28: =SUM(C13:C27) -> 0 | D28: =SUM(D13:D27) -> 0
A30: Enter more lines as appropriate
B32: Long Term investments
B33: Please provide value of investments held at each year end
B34: 2025 | C34: =Accounting_Statement!C45 -> 0 | D34: 2026 | E34: =Accounting_Statement!D45 -> 0
D36: Difference | E36: Explanation (Ensure each explanation is quantified) | G36: Is this asset movement reflected in Box 3 or Box 6 | H36: If No please explain why
D37: =C37-B37 -> 0
D38: =C38-B38 -> 0
D39: =C39-B39 -> 0
A40: Total | B40: =SUM(B37:B39) -> 0 | C40: =SUM(C37:C39) -> 0 | D40: =SUM(D37:D39) -> 0

Sheet Box_10_Borrowings
B1: Total borrowings
B4: 2025 | C4: =Accounting_Statement!C17 -> 0 | D4: 2026 | E4: =Accounting_Statement!D17 -> 0
D6: Difference | E6: =F4-C4 -> 0
E7: =IF(AND(C4=0,E4=0),0,IF(C4=0,1,IF(E4=0,-1,(E4-C4)/C4))) -> 0 | F7: =IF(D12<-0.15,"yes explain",IF(D12>0.15,"Yes explain","No explanation required")) -> No explanation required
B9: Use the table below to breakdown your explanation
B10: Please provide 3rd party confirmation if a non PWLB loan
D11: Difference | E11: Explanation (Ensure each explanation is quantified)
D12: =C12-B12 -> 0
D13: =C13-B13 -> 0
D14: =C14-B14 -> 0
D15: =C15-B15 -> 0
D16: =C16-B16 -> 0
D17: =C17-B17 -> 0
D18: =C18-B18 -> 0
A19: Total | B19: =SUM(B12:B18) -> 0 | C19: =SUM(C12:C18) -> 0 | D19: =SUM(D12:D18) -> 0
A22: Enter more lines as appropriate
